 Dungeon Crawl Stone Soup version 0.28.0 (webtiles) character file.

Game seed: 17808653847602978977

1502 Ajdolov the Geomancer (level 8, 0/51 HPs)
             Began as an Octopode Earth Elementalist on Feb 12, 2022.
             Was a Believer of Vehumet.
             Slain by a yak (17 damage)
             ... on level 7 of the Dungeon.
             The game lasted 00:16:01 (7617 turns).

Ajdolov the Geomancer (Octopode Earth Elementalist) Turns: 7617, Time: 00:16:02

Health: 0/51       AC:  1    Str:  7    XL:     8   Next: 82%
Magic:  12/14      EV: 13    Int: 20    God:    Vehumet [**....]
Gold:   315        SH:  0    Dex: 12    Spells: 12/16 levels left

rFire   . . .      SeeInvis .   m - +5 spear
rCold   . . .      Faith    .   (no shield)
rNeg    . . .      Spirit   .   k - +0 hat
rPois   .          Reflect  .   (no amulet)
rElec   .          Harm     .   (no ring)
rCorr   .          Rampage  .   (no ring)
Will    .....                   (no ring)
Stlth   +++.......              (no ring)
HPRegen 0.17/turn               (no ring)
MPRegen 0.14/turn               (no ring)
                                (no ring)
                                (no ring)

@: no status effects
A: almost no armour, amphibious, 8 rings, camouflage 1, gelatinous body 1,
(nimble swimmer 1), tentacles
a: Renounce Religion


You were on level 7 of the Dungeon.
You worshipped Vehumet.
Vehumet was pleased with you.
You visited 2 branches of the dungeon, and saw 7 of its levels.
You also visited: Sewer.

You collected 315 gold pieces.

Inventory:

Hand Weapons
 m - a +5 spear (weapon)
Missiles
 b - 66 stones
 j - a throwing net
Armour
 k - a +0 hat (worn)
Scrolls
 l - a scroll of acquirement {unknown}
 n - 2 scrolls of amnesia
 p - a scroll of magic mapping {unknown}
 q - a scroll of identify
 r - a scroll of fog
 s - a scroll of blinking {unknown}
Potions
 c - 2 potions of heal wounds
 d - 5 potions of curing
 e - 3 potions of degeneration {unknown}
 f - a potion of experience {unknown}
 g - 3 potions of lignification {unknown}
 h - a potion of magic {unknown}
 i - 3 potions of might {unknown}


   Skills:
 * Level 2.9 Fighting
 - Level 2.0 Dodging
 - Level 2.6 Stealth
 * Level 4.6 Spellcasting
 - Level 4.9 Conjurations
 - Level 1.0 Transmutations
 - Level 8.0 Earth Magic


You had 12 spell levels left.
You knew the following spells:

 Your Spells              Type           Power      Damage    Failure   Level
a - Sandblast             Erth           72%        2d16      1%          1
b - Stone Arrow           Conj/Erth      60%        3d10      2%          3

Your spell library contained the following spells:

 Spells                   Type           Power      Damage    Failure   Level
 Magic Dart               Conj           96%        1d7       1%          1
 Passwall                 Tmut/Erth      18%        N/A       2%          2
 Sting                    Tmut/Pois      24%        1d4       10%         1
 Ensorcelled Hibernation  Hex/Ice        8%         N/A       19%         2
 Poisonous Vapours        Pois/Air       8%         N/A       19%         2
 Petrify                  Tmut/Erth      22%        N/A       19%         4
 Spider Form              Tmut/Pois      6%         N/A       30%         3
 Anguish                  Hex/Necr       2%         N/A       77%         4
 Olgreb's Toxic Radiance  Pois           4%         N/A       77%         4


Dungeon Overview and Level Annotations

Branches:
Dungeon (5/15)             Temple (1/1) D:4           Sewer (visited)

Altars:
Ashenzari
Elyvilon
Gozag
Hepliaklqana
Nemelex Xobeh
Okawaru
Qazlal
Uskayaw
Vehumet
Xom
Yredelemnul
Zin

Shops:
D:3 :

Annotations:
D:2 1 runed translucent door, Crazy Yiuf, Sigmund
D:5 Blork the orc
D:7 Dowan, Duvessa


Innate Abilities, Weirdness & Mutations

You cannot wear most types of armour.
You are amphibious.
You can wear up to eight rings at the same time.
Your skin changes colour to match your surroundings (Stealth+).
Your rubbery body absorbs attacks. (AC +1, EV +1)
((You are camouflaged when in or above water. (Stealth+)))
You have tentacles for arms and can constrict up to eight enemies at once.


Message History

You feel your power returning.
The yak bellows!
The wyvern skeleton explodes!
The orc closely misses you.
Unknown command.
Casting: Stone Arrow (dangerous; 2% risk of failure)
Confirm with . or Enter, or press ? or * to list all spells.
Aiming: Stone Arrow (dangerous; 2% risk of failure)
Press: ? - help, Shift-Dir - straight line, f - orc
Aim: an orc, wielding a +0 club (inner flame, 74% to hit)
Okay, then.
It was a potion of cancellation.
You feel magically purged.
A yak comes into view.
The orc barely misses you.
Okay, then.
The ice beast misses you. The ice beast hits you. The ice beast freezes you!
The yak snorts and paws the ground.
The ice beast hits you. The ice beast freezes you!
The yak is engulfed in blazing flames.
Flame seeps out of the yak.
The yak is engulfed in blazing flames.
Flame seeps out of the yak.
The yak gores you!
* * * LOW HITPOINT WARNING * * *
The yak is engulfed in blazing flames.
Found a stone staircase leading down.
The yak gores you.
* * * LOW HITPOINT WARNING * * *
The yak closely misses you.
Found a potion of heal wounds.
You see here a potion of heal wounds.
Duvessa opens the door.
The yak gores you!
* * * LOW HITPOINT WARNING * * *
You feel much better. The yak gores you!
* * * LOW HITPOINT WARNING * * *
You feel much better. The yak gores you.
You hit the yak.
The yak is moderately wounded.
The yak's inner flame fades away.
The orc's inner flame fades away.
The yak barely misses you. The ice beast hits you. The ice beast freezes you!
The yak gores you! x2
You die...

############
#.....(....#
#..........######
#..........Y.....
#...........o#####
#...........YYYYY#
#...........o###@#
...........e>eSYY#
#...........o#####
##########...#
#...# #...# #...#


You could see 6 yaks, Duvessa (inner flame), a water moccasin (inner flame), an
ice beast (inner flame), Dowan and 2 orcs.

Vanquished Creatures
  Grinder (Sewer)
  An ice beast (D:4)
  A necrophage (D:4)
  2 ogres (D:5)
  2 phantoms
  A scorpion (D:4)
  A wyvern skeleton (D:7)
  5 wights
  A hound (D:5)
  4 bullfrog skeletons
  An iguana (D:4)
  A hound skeleton (D:5)
  7 gnolls (D:3)
  6 adders
  2 river rats (D:4)
  4 shadow imps (Sewer)
  6 ufetubi (Sewer)
  An adder skeleton (D:4)
  4 worms (D:2)
  2 dart slugs
  5 orcs
  11 bats
  A bat zombie (Sewer)
  7 endoplasms
  A giant cockroach (D:1)
  4 goblins
  3 hobgoblins
  4 jackals
  18 kobolds
  6 quokkas
  6 ball pythons
  4 frilled lizards
  A kobold zombie (Sewer)
  6 rats
130 creatures vanquished.

Vanquished Creatures (others)
  5 toadstools (D:5)
5 creatures vanquished.

Grand Total: 135 creatures vanquished

Notes
Turn   | Place    | Note
-------+----------+-------------------------------------------
     0 | D:1      | Ajdolov the Octopode Earth Elementalist began the quest for
                  | the Orb.
     0 | D:1      | Reached XP level 1. HP: 11/11 MP: 3/3
   342 | D:1      | Reached XP level 2. HP: 17/17 MP: 0/5
   633 | D:1      | Found a faded altar of an unknown god.
   663 | D:1      | Reached skill level 4 in Earth Magic
   961 | D:1      | Reached XP level 3. HP: 20/21 MP: 6/6
   965 | D:1      | Learned a level 3 spell: Stone Arrow
  1312 | D:2      | Noticed Sigmund
  1325 | D:2      | Reached XP level 4. HP: 27/27 MP: 3/7
  1477 | D:2      | Reached skill level 5 in Earth Magic
  2206 | D:2      | Found a runed translucent door.
  2207 | D:2      | Noticed Crazy Yiuf
  2472 | D:3      | Reached skill level 1 in Conjurations
  2472 | D:3      | Reached XP level 5. HP: 31/31 MP: 4/8
  2970 | D:3      | Found Vatrioha's Book Shop.
  3659 | D:4      | Found a staircase to the Ecumenical Temple.
  3668 | Temple   | Entered the Ecumenical Temple
  3865 | Temple   | Became a worshipper of Vehumet
  3912 | D:4      | Noticed an ice beast
  3929 | D:4      | Reached skill level 6 in Earth Magic
  3929 | D:4      | Reached XP level 6. HP: 16/36 MP: 0/9
  4207 | D:4      | Noticed a necrophage
  4268 | D:4      | Found a glowing drain.
  4289 | Sewer    | Entered a sewer
  4818 | Sewer    | Reached * piety under Vehumet
  4818 | Sewer    | Offered knowledge of Freeze by Vehumet.
  4956 | Sewer    | Found an ancient bone altar of Kikubaaqudgha.
  5354 | Sewer    | Noticed Grinder
  5365 | Sewer    | Paralysed by Grinder for 7 turns
  5431 | Sewer    | Killed Grinder
  5432 | Sewer    | Reached XP level 7. HP: 41/41 MP: 0/10
  5528 | Sewer    | Reached skill level 7 in Earth Magic
  6096 | D:4      | Reached XP level 8. HP: 46/46 MP: 1/11
  6802 | D:4      | Reached skill level 8 in Earth Magic
  6883 | D:5      | Entered Level 5 of the Dungeon
  6901 | D:5      | Reached ** piety under Vehumet
  6925 | D:5      | Reached skill level 1 in Fighting
  6962 | D:5      | Offered knowledge of Magic Dart by Vehumet.
  7564 | D:5      | Noticed Blork the orc
  7565 | D:5      | You fall into a shaft and drop 2 floors!
  7572 | D:7      | Noticed Duvessa
  7573 | D:7      | Noticed Dowan
  7590 | D:7      | Noticed a yak
  7591 | D:7      | Noticed a yak
  7591 | D:7      | Noticed a yak
  7592 | D:7      | Noticed a yak
  7593 | D:7      | Noticed a yak
  7595 | D:7      | Noticed a yak
  7613 | D:7      | HP: 2/51 [yak (11)]
  7617 | D:7      | Slain by a yak

Illustrated notes

Levels and vault maps discovered:
D:1:      dpeg_arrival_fog, layout_rooms,
          hellmonk_ecumenical_altar_heavens_door, minmay_tromino_v2
D:2:      layout_loops_ring, uniq_crazy_yiuf_cottage, uniq_sigmund
D:3:      layout_basic, serial_shops, nicolae_shop_advertising_works
          [nicolae_subvault_shop_adworks]
D:4:      layout_cave_pools, minmay_temple_entry_sparse_star,
          gup_sewer_entry_bubbles, kennysheep_path_1
D:5:      layout_loops_ring, tgw_sif, minmay_gold_behind_fungi,
          minmay_misc_feat_x
D:7:      layout_basic, gammafunk_ghost_hive, uniq_duvessa
Temple:   mainiacjoe_temple_big_plus

Skill      XL: |  1  2  3  4  5  6  7  8 |
---------------+-------------------------+-----
Earth Magic    | 4 5 6 7 8 |  8.0
Conjurations   | 1 2 4 |  4.9
Spellcasting   | 4 |  4.6
Fighting       | 2 |  2.9
Dodging        | |  2.0
Stealth        | |  2.6
Transmutations | |  1.0

Action                   |  1- 3 |  4- 6 |  7- 9 || total
-------------------------+-------+-------+-------++-------
Melee: Unarmed           |     1 |       |       ||     1
       Dagger            |    15 |     1 |       ||    16
       Constrict         |     4 |    15 |    11 ||    30
       Tentacles         |     3 |     7 |     7 ||    17
       Falchion          |       |    66 |     1 ||    67
       Spear             |       |       |    46 ||    46
       Punch             |       |       |     2 ||     2
 Cast: Sandblast         |    36 |    70 |     4 ||   110
       Stone Arrow       |       |    16 |    30 ||    46
  Use: Scroll            |       |     4 |     3 ||     7
       Potion            |       |     1 |     3 ||     4
 Stab: Sleeping          |     4 |    10 |     3 ||    17
Armor: Skin              |     5 |     9 |     2 ||    16
Dodge: Dodged            |    17 |    71 |    35 ||   123
